 Dungeon Crawl Stone Soup version 0.31-a0-177-g4aa6249778 (webtiles) character file.

Game seed: 12700382919577779580

77 qw the Shooter (level 4, -5/40 HPs)
             Began as a Naga Hunter on June 18, 2023.
             Slain by Grinder (10 damage)
             ... on level 3 of the Dungeon.
             The game lasted 00:00:36 (1589 turns).

qw the Shooter (Naga Hunter)                        Turns: 1589, Time: 00:00:37

Health: -5/40      AC:  2    Str: 13    XL:     4   Next: 33%
Magic:  4/4        EV: 10    Int: 10    God:
Gold:   110        SH:  0    Dex: 22    Spells: 3/3 levels left

rFire   . . .        h - +0 shortbow (heavy)
rCold   . . .        (shield currently unavailable)
rNeg    . . .        c - +0 leather armour
rPois   +            (no helmet)
rElec   .            (no cloak)
rCorr   .            (no gloves)
SInv    +            (no barding)
Will    .....        (no amulet)
Stlth   ++           d - +6 ring of dexterity
HPRegen 0.26/turn    (no ring)
MPRegen 0.09/turn

%: no passive effects
@: very slow
A: AC +1, large, see invisible, deformed body, poison resistance, slowness 2,
spit poison 1, naga tail 1
a: Spit Poison


You were on level 3 of the Dungeon.
You visited 1 branch of the dungeon, and saw 3 of its levels.

You collected 110 gold pieces.


Innate Abilities, Weirdness & Mutations

Your serpentine skin is tough. (AC +1)
You have supernaturally acute eyesight. (SInv)
Armour fits poorly on your strangely shaped body.
Your system is resistant to poisons. (rPois)
You cover ground very slowly.
You can spit poison.
You have a snake-like lower body.


   Skills:
 + Level 2.4 Fighting
 - Level 5.0 Ranged Weapons
 - Level 1.5 Dodging
 - Level 1.5 Stealth


You had 3 spell levels left.
You didn't know any spells.
Your spell library was empty.

Inventory:

Hand Weapons
 h - a +0 heavy shortbow (weapon)
Armour
 b - a +0 cloak
 c - a +0 leather armour (worn)
Jewellery
 d - a +6 ring of dexterity (left hand)
Scrolls
 f - a scroll of teleportation {unknown}
Potions
 a - a potion of lignification {unknown}
 e - a potion of curing
 g - a potion of degeneration {unknown}

Dungeon Overview and Level Annotations

Branches:
Dungeon (3/15)

Altars:
Zin

Shops:
D:2 (

Annotations:
D:3 Grinder


Message History

Enter note:
g - a dark potion
Enter note: You now have 110 gold pieces (gained 14).
Grinder comes into view.
Enter note: You shoot an arrow.
The arrow hits Grinder!!
Grinder shouts!
Grinder is heavily wounded.
An orc comes into view. It is wielding a +0 club.
Grinder says, "Just stop there for a second..."
Grinder drinks a potion.
Grinder is healed!
1581 ||| INVOKING Spit Poison.
Aiming: Spit Poison (1% risk of failure)
Press: ? - help, Shift-Dir - straight line, f - orc, p - Grinder The splash of poison hits the orc!
The orc is poisoned.
You kill the orc!
You shoot an arrow. The arrow hits Grinder!
Grinder is heavily wounded.
Grinder gestures at you. Pain shoots through your body!
Grinder drinks a potion.
Grinder is healed!
You shoot an arrow.
The arrow hits Grinder but does no damage.
You have got your breath back.
Grinder says, "Wait up."
You shoot an arrow. The arrow closely misses Grinder.
You shoot an arrow. The arrow barely misses Grinder.
Grinder gestures at you. Pain shoots through your body!
You shoot an arrow.
The arrow hits Grinder but does no damage.
Grinder barely misses you. Grinder hits you.
You writhe in agony.
You shoot an arrow. The arrow closely misses Grinder.
Grinder hits you but does no damage. Grinder hits you.
You writhe in agony.
You shoot an arrow. The arrow closely misses Grinder.
Grinder hits you.
You writhe in agony.
You shoot an arrow. The arrow hits Grinder!
Grinder is moderately wounded.
Grinder hits you!
You die...

##...#######.##.....
+...............#
#..#....#.#######
#...........###
##....#.#.#...##
#....#...###..##
...##....## ##..##
.## ##...# ##..## .
#....... ##@.#
..##..#. ##5.# ....
#.# #.# ## ..# ...
.. .... ..).. ...##
..#


You could see Grinder.

Vanquished Creatures
  An adder (D:2)
  A dart slug (D:1)
  An orc (D:3)
  6 endoplasms
  3 giant cockroaches
  11 goblins
  2 hobgoblins (D:1)
  5 jackals
  A quokka (D:1)
  8 ball pythons
  5 bats
  4 frilled lizards
  5 kobolds
  8 rats
61 creatures vanquished.

Notes
Turn   | Place    | Note
-------+----------+-------------------------------------------
     0 | D:1      | qw the Naga Hunter began the quest for the Orb.
     0 | D:1      | Reached XP level 1. HP: 19/19 MP: 1/1
     0 | D:1      | 0 ||| qw: Version: 0.3-a-5-g6f28e65
     0 | D:1      | 0 ||| qw: Game counter: 548
     0 | D:1      | 0 ||| qw: Always use a shield: true
     0 | D:1      | 0 ||| qw: God list: Okawaru
     0 | D:1      | 0 ||| qw: Allow faded altars: false
     0 | D:1      | 0 ||| qw: Do Orc after D:15 true
     0 | D:1      | 0 ||| qw: Do second Lair branch before Depths: true
     0 | D:1      | 0 ||| qw: Lair rune preference: random
     0 | D:1      | 0 ||| qw: Plans: Normal
     0 | D:1      | 0 ||| PLANNING D:1-11
    11 | D:1      | 11 ||| INVOKING Spit Poison.
    19 | D:1      | 19 ||| INVOKING Spit Poison.
    25 | D:1      | 25 ||| INVOKING Spit Poison.
    29 | D:1      | 29 ||| INVOKING Spit Poison.
    83 | D:1      | 83 ||| INVOKING Spit Poison.
    88 | D:1      | 88 ||| INVOKING Spit Poison.
    91 | D:1      | Reached skill level 4 in Ranged Weapons
    91 | D:1      | Reached XP level 2. HP: 9/26 MP: 2/2
   185 | D:1      | 185 ||| INVOKING Spit Poison.
   189 | D:1      | 189 ||| INVOKING Spit Poison.
   202 | D:1      | 202 ||| INVOKING Spit Poison.
   209 | D:1      | 209 ||| INVOKING Spit Poison.
   213 | D:1      | 213 ||| INVOKING Spit Poison.
   277 | D:1      | 277 ||| INVOKING Spit Poison.
   313 | D:1      | Reached XP level 3. HP: 32/32 MP: 3/3
   317 | D:1      | 317 ||| INVOKING Spit Poison.
   320 | D:1      | 320 ||| INVOKING Spit Poison.
   417 | D:1      | 417 ||| INVOKING Spit Poison.
   423 | D:1      | 423 ||| INVOKING Spit Poison.
   494 | D:1      | 494 ||| INVOKING Spit Poison.
   500 | D:1      | 500 ||| INVOKING Spit Poison.
   511 | D:1      | Found a faded altar of an unknown god.
   514 | D:1      | 514 ||| INVOKING Spit Poison.
   518 | D:1      | 518 ||| INVOKING Spit Poison.
   523 | D:1      | 523 ||| INVOKING Spit Poison.
   674 | D:1      | 674 ||| INVOKING Spit Poison.
   787 | D:1      | 787 ||| READING scroll labelled ARHUTWUOLE.
   788 | D:1      | 788 ||| READING scroll labelled AWNAPR DISMUAX.
   789 | D:1      | 789 ||| READING scroll labelled WULOHEH POCHU.
   790 | D:1      | 790 ||| READING scroll labelled TAIRUB NIUH.
   791 | D:1      | 791 ||| DRINKING 2 fizzy red potions.
   792 | D:1      | 792 ||| DRINKING 2 coppery potions.
   793 | D:1      | 793 ||| DROPPING scroll of butterflies.
   794 | D:1      | 794 ||| DROPPING potion of brilliance.
   828 | D:2      | 828 ||| INVOKING Spit Poison.
   838 | D:2      | 838 ||| INVOKING Spit Poison.
   863 | D:2      | Found Iplead's Antique Weapon Shoppe.
   868 | D:2      | 868 ||| INVOKING Spit Poison.
   871 | D:2      | 871 ||| INVOKING Spit Poison.
   874 | D:2      | 874 ||| INVOKING Spit Poison.
   933 | D:2      | 933 ||| INVOKING Spit Poison.
  1028 | D:2      | 1028 ||| INVOKING Spit Poison.
  1032 | D:2      | 1032 ||| INVOKING Spit Poison.
  1033 | D:2      | Reached skill level 5 in Ranged Weapons
  1033 | D:2      | Reached XP level 4. HP: 39/39 MP: 4/4
  1149 | D:2      | 1149 ||| INVOKING Spit Poison.
  1164 | D:2      | 1164 ||| INVOKING Spit Poison.
  1223 | D:2      | 1223 ||| INVOKING Spit Poison.
  1428 | D:2      | 1428 ||| UPGRADING to +6 ring of dexterity.
  1429 | D:2      | 1429 ||| READING scroll labelled XUROTS XEGHO.
  1452 | D:3      | 1452 ||| INVOKING Spit Poison.
  1455 | D:3      | 1455 ||| INVOKING Spit Poison.
  1489 | D:3      | 1489 ||| INVOKING Spit Poison.
  1520 | D:3      | Found a glowing silver altar of Zin.
  1521 | D:3      | 1521 ||| INVOKING Spit Poison.
  1531 | D:3      | 1531 ||| INVOKING Spit Poison.
  1579 | D:3      | Noticed Grinder
  1581 | D:3      | 1581 ||| INVOKING Spit Poison.
  1587 | D:3      | HP: 9/40 [Grinder (4)]
  1589 | D:3      | Slain by Grinder

Levels and vault maps discovered:
D:1:      dpeg_arrival_subterranean_lakeside_camping, layout_basic,
          ebering_ecumenical_altar_abandoned
D:2:      layout_basic, serial_shops, shop, moated_statue, minmay_misc_feat_iff
D:3:      layout_rooms, nicolae_gozag_seed_capital, led_sif_book,
          mainiacjoe_overflow_24_doors, uniq_grinder

Skill      XL: |  1  2  3 |
---------------+----------+-----
Ranged Weapons | 4 5 |  5.0
Fighting       | |  2.4
Dodging        | |  1.5
Stealth        | |  1.5

Action                     |  1- 3 |  4- 6 || total
---------------------------+-------+-------++-------
   Fire: Shortbow          |    65 |    23 ||    88
Ability: Spit Poison       |    30 |     9 ||    39
    Use: Scroll            |     4 |     1 ||     5
         Potion            |     2 |       ||     2
 Armour: Leather armour    |    12 |     1 ||    13
  Dodge: Dodged            |    33 |     3 ||    36

Table legend:
 A = Non-vault XP
 B = Vault XP
 C = Vault XP percentage of total XP
 D = Non-vault monster count
 E = Vault monster count
 F = Vault count percentage of total count
                 A         B        C        D         E       F
            +---------+---------+-------+---------+---------+-------
      Total |     102 |       8 |   7.3 |      55 |       6 |   9.8
            +---------+---------+-------+---------+---------+-------
        D:1 |      47 |       8 |  14.5 |      28 |       6 |  17.6
        D:2 |      42 |       0 |   0.0 |      19 |       0 |   0.0
        D:3 |      13 |       0 |   0.0 |       8 |       0 |   0.0
            +---------+---------+-------+---------+---------+-------
